Map: Stasis LE

Players

Mesrob

  • Race: Terran Terran
  • League: Gold
  • Spawn Location: 1:00

thebestalive - Winner!

  • Race: Terran Terran
  • League: Gold
  • Spawn Location: 11:00

VOD

Have the link to the VOD?

Description

Time

  • Played on: Jan. 19, 2019, 11:10 p.m.
  • Length: 20:13
Show
View Real Time Build Order
Export as new Build Order

Mesrob Terran 

Build Orders: Mech 

Get SALT Encoding   

  12  0:01  SCV  
  13  0:13  SCV  
  14  0:19  Supply Depot  
  14  0:25  SCV  
  15  0:41  SCV  
  15  0:42  Barracks  
  16  0:52  Refinery  
  16  0:53  SCV  
  17  1:05  SCV  
  18  1:17  SCV  
  19  1:29  Orbital Command  
  19  1:41  Marine  
  19  1:42  Command Center  
  20  1:56  Bunker  
  20  2:13  SCV  
  21  2:25  SCV  
  21  2:26  Factory  
  21  2:33  Marine  
  21  2:50  SCV  
  21  2:53  Marine  
  22  3:02  SCV  
  22  3:25  Supply Depot  
  22  3:30  Barracks Tech Lab, Supply Depot  
  22  3:32  Factory Tech Lab  
  22  3:36  Factory, SCV  
  23  3:48  SCV  
  23  3:53  Supply Depot  
  24  4:00  SCV  
  25  4:07  Refinery, Factory  
  25  4:13  Armory  
  25  4:18  Engineering Bay  
  25  4:20  Orbital Command  
  25  4:24  Refinery  
  25  4:26  Factory Reactor  
  25  4:40  SCV  
  25  4:41  Refinery  
  26  4:52  SCV  
  27  4:56  Missile Turret  
  27  5:04  SCV  
  27  5:06  Terran Vehicle Weapons Level 1  
  28  5:10  SCV  
  29  5:16  Missile Turret, SCV  
  30  5:21  Siege Tank  
  30  5:22  SCV  
  34  5:28  SCV  
  34  5:34  SCV  
  36  5:41  SCV  
  37  5:43  Command Center  
  37  5:44  Missile Turret  
  37  5:46  SCV  
  37  5:48  Siege Tank  
  41  5:51  Hellbat  
  41  5:52  Hellbat  
  41  5:53  SCV  
  46  5:59  SCV  
  47  6:05  Missile Turret, SCV  
  47  6:11  SCV  
  49  6:15  Thor  
  49  6:17  SCV  
  56  6:38  Supply Depot  
  56  6:42  SCV  
  56  6:43  SCV  
  58  6:54  SCV, Thor  
  58  6:55  SCV  
  58  7:00  Supply Depot  
  66  7:07  SCV  
  56  7:22  Supply Depot  
  47  7:36  Siege Tank  
  50  7:37  Siege Tank  
  50  7:38  Hellbat x2  
  57  7:56  SCV  
  57  7:57  SCV  
  59  8:07  Thor  
  59  8:08  SCV  
  59  8:09  SCV  
  67  8:13  Thor  
  67  8:15  Missile Turret  
  67  8:18  Supply Depot  
  73  8:20  SCV  
  73  8:21  SCV  
  75  8:31  Planetary Fortress  
  75  8:32  SCV  
  75  8:33  SCV  
  77  8:36  Missile Turret  
  77  8:40  Refinery  
  77  8:41  Supply Depot  
  77  8:43  Refinery  
  77  8:44  SCV  
  77  8:45  SCV  
  79  8:56  Missile Turret, SCV  
  79  9:02  Siege Tank  
  83  9:03  Thor  
  83  9:05  Hellion x2  
  92  9:29  Hellion x2  
  96  9:34  Siege Tank  
  99  9:43  Supply Depot  
  99  9:51  SCV x2  
  101  10:01  Hellbat  
  101  10:02  Hellion  
  105  10:08  Supply Depot  
  105  10:31  Supply Depot  
  105  10:48  Thor x2  
  119  10:50  Hellion x2  
  121  10:58  Supply Depot  
  121  11:05  Factory  
  121  11:06  Factory  
  121  11:07  Factory  
  114  11:22  Supply Depot  
  114  11:26  Hellbat  
  114  11:27  Hellbat  
  118  11:34  SCV x3  
  121  11:45  Supply Depot  
  121  11:46  SCV x2  
  123  11:47  Terran Vehicle Weapons Level 2  
  123  11:50  Factory  
  94  12:09  Supply Depot  
  78  12:22  Factory Tech Lab x2  
  69  12:23  Factory Tech Lab  
  69  12:47  SCV x2  
  69  12:48  SCV  
  72  12:59  SCV x2  
  72  13:00  SCV  
  72  13:01  Thor x2  
  72  13:05  Factory Reactor, Command Center  
  87  13:06  Thor  
  87  13:09  Hellion x2  
  87  13:11  SCV x2  
  87  13:12  SCV  
  100  13:15  Armory  
  100  13:17  Supply Depot  
  100  13:29  Thor  
  106  13:42  Supply Depot  
  106  13:58  SCV x3  
  109  14:06  Supply Depot  
  109  14:10  SCV x2  
  109  14:11  SCV  
  112  14:22  SCV  
  112  14:23  SCV  
  114  14:24  Thor  
  114  14:25  Thor x2  
  114  14:28  Hellion x2  
  114  14:29  Supply Depot  
  138  14:31  Hellbat x2  
  138  14:41  Planetary Fortress  
  138  14:44  Refinery  
  138  14:49  Refinery  
  138  14:53  Supply Depot, Thor  
  138  14:55  Hellion x2  
  138  14:56  Hellion  
  138  14:57  Hellion x2  
  154  15:07  Factory  
  154  15:08  Hellion  
  156  15:16  Supply Depot  
  156  15:19  SCV x2  
  158  15:24  Command Center  
  158  15:25  Terran Vehicle And Ship Armor Level 1  
  158  15:26  Terran Vehicle Weapons Level 3  
  158  15:42  Hellbat x2  
  162  15:43  Hellion x2  
  162  15:44  Hellion  
  162  15:45  Infernal Pre-Igniter  
  162  15:48  Hellion  
  170  15:52  Factory Reactor  
  170  15:53  Factory  
  150  16:33  Thor  
  156  16:42  Hellion x3  
  156  16:43  Hellion x2  
  156  16:44  Hellion  
  156  16:45  Factory Reactor, Thor x3  
  156  16:46  Thor  
  162  17:05  Hellbat x2  
  162  17:06  Hellbat x2  
  162  17:07  Hellion x2  
  124  17:16  Thor  
  130  17:28  Thor  
  136  17:40  Hellion x4  
  136  17:41  Thor x2  
  136  17:42  Thor  
  150  18:34  Thor x4  
  156  18:36  Hellion x3  
  156  18:37  Hellion x2  
  156  18:38  Hellion x2  
  156  18:39  Hellion  
  190  18:45  Missile Turret  
  190  18:48  Missile Turret  
  190  18:53  Missile Turret  
  190  18:55  Missile Turret  
  189  19:00  Hellion x2  
  189  19:01  Hellion  
  195  19:05  Hellion x2  
Show
View Real Time Build Order
Export as new Build Order

thebestalive Terran - Winner!

Build Orders: Reaper Expand 

Get SALT Encoding   

  12  0:01  SCV  
  13  0:16  Supply Depot  
  13  0:23  SCV  
  14  0:35  SCV  
  15  0:40  Barracks  
  15  0:43  Refinery  
  15  0:49  SCV  
  16  1:01  SCV  
  17  1:29  Reaper  
  18  1:34  Command Center  
  18  1:38  Orbital Command  
  18  2:02  Barracks  
  18  2:03  Barracks Reactor  
  18  2:20  SCV  
  19  2:32  SCV  
  20  2:40  Marine x2  
  22  2:48  SCV x2  
  24  2:58  Marine x2  
  25  3:00  SCV x2  
  28  3:12  SCV x2  
  30  3:16  Marine x2  
  32  3:24  SCV x2  
  34  3:29  Barracks Tech Lab  
  34  3:33  Factory  
  34  3:36  Refinery, SCV  
  34  3:37  Supply Depot  
  34  3:39  Supply Depot  
  36  3:44  Orbital Command  
  35  3:48  SCV  
  35  3:49  Marine  
  35  3:53  Marine  
  38  3:59  Marine  
  38  4:00  SCV  
  40  4:07  Marine  
  41  4:11  Marine  
  41  4:13  SCV  
  41  4:14  Stimpack  
  41  4:17  Marine  
  43  4:18  SCV  
  43  4:22  Factory Tech Lab  
  45  4:24  Starport  
  45  4:25  Marine, SCV  
  45  4:29  Marine  
  45  4:30  Engineering Bay, SCV  
  49  4:34  Marine  
  49  4:37  SCV  
  49  4:38  Barracks  
  51  4:43  Siege Tank  
  54  4:47  Supply Depot  
  54  4:52  Supply Depot  
  54  5:09  Marine x3, Medivac  
  54  5:11  SCV  
  54  5:12  SCV  
  61  5:15  Supply Depot  
  61  5:23  Siege Tank, SCV  
  61  5:24  Supply Depot, SCV  
  61  5:27  Marine x3  
  69  5:30  Terran Infantry Weapons Level 1  
  69  5:38  Supply Depot  
  69  5:41  Barracks Tech Lab  
  69  5:44  Marine  
  69  5:45  Barracks  
  69  5:49  Supply Depot  
  70  5:50  Refinery x2, Marine x2  
  70  5:55  Medivac  
  74  6:02  Marine, SCV  
  74  6:03  SCV  
  77  6:08  Marine  
  78  6:15  SCV x2  
  80  6:20  Supply Depot  
  80  6:23  Marine x2, Engineering Bay  
  80  6:24  Siege Tank  
  80  6:25  Medivac  
  87  6:27  SCV  
  88  6:49  Marine  
  88  6:50  Marine x2  
  91  7:07  Marine  
  91  7:08  Marine x2  
  87  7:25  Marine x2  
  87  7:26  Marine  
  84  7:43  Marine x3  
  87  7:45  Siege Tank  
  87  7:48  Barracks Reactor  
  87  7:49  Combat Shield  
  87  7:50  Concussive Shells  
  90  7:52  Starport Reactor  
  90  8:01  Marine x3  
  93  8:06  SCV  
  93  8:07  Command Center, SCV  
  95  8:17  Siege Tank  
  95  8:18  Marine, SCV  
  95  8:19  Marine x2, SCV  
  103  8:22  Marine  
  103  8:26  Terran Infantry Armor Level 1  
  104  8:28  Armory  
  104  8:31  SCV x2  
  104  8:32  Missile Turret x2  
  104  8:34  Marine x2  
  107  8:36  Marine  
  107  8:37  Marine  
  110  8:45  Supply Depot  
  110  9:06  Marine x4, Siege Tank, SCV  
  110  9:07  Supply Depot  
  118  9:19  Marine x2, Medivac x2, SCV x2  
  126  9:31  SCV  
  127  9:38  Siege Tank  
  127  9:44  Liberator x2  
  132  10:10  Siege Tank  
  135  10:21  Marine x6  
  136  10:27  Liberator  
  139  10:38  Marine  
  139  10:39  Marine  
  139  10:41  Marine x4  
  140  10:56  Marine  
  141  11:18  Marine x2  
  141  11:44  Liberator  
  141  11:49  Liberator  
  141  12:00  Marine  
  141  12:01  Marine  
  141  12:02  Marine  
  141  12:03  Marine  
  141  12:04  Marine  
  141  12:05  Marine  
  141  12:08  Siege Tank  
  124  12:18  Marine  
  124  12:19  Marine  
  124  12:20  Marine  
  124  12:21  Marine  
  124  12:22  Marine x2  
  122  12:27  Liberator  
  122  12:31  Liberator  
  122  12:36  Marine  
  115  12:37  Marine  
  115  12:38  Marine  
  115  12:39  Marine  
  115  12:40  Marine x2, Siege Tank  
  120  12:45  SCV  
  120  12:46  SCV  
  128  12:54  Marine  
  128  12:55  Marine  
  128  12:56  Marine  
  128  12:57  Marine, SCV  
  128  12:58  Marine x2, SCV  
  136  13:06  Terran Infantry Weapons Level 2  
  136  13:07  Terran Infantry Armor Level 2  
  136  13:09  SCV  
  136  13:10  SCV  
  136  13:12  Marine  
  139  13:13  Marine  
  139  13:14  Marine  
  139  13:17  Factory  
  139  13:18  Fusion Core  
  141  13:23  Supply Depot  
  141  13:25  Supply Depot  
  141  13:27  Supply Depot  
  141  13:29  Supply Depot  
  141  13:30  Liberator x2  
  141  13:45  Marine x4, Siege Tank, SCV  
  141  13:47  Marine x2  
  157  13:49  Supply Depot, SCV  
  157  13:51  Starport, Supply Depot  
  157  13:53  Terran Vehicle Weapons Level 1  
  157  13:54  Supply Depot x2  
  158  13:57  SCV  
  158  14:01  SCV  
  158  14:02  Marine x4  
  160  14:04  Marine x2  
  166  14:12  Refinery  
  166  14:13  Supply Depot  
  166  14:14  Refinery  
  166  14:17  Factory Tech Lab, Supply Depot, Siege Tank  
  166  14:20  Marine x4  
  166  14:22  Marine x2  
  175  14:38  Marine x4  
  175  14:39  Liberator x2  
  175  14:40  Marine x2  
  181  14:47  Command Center  
  181  14:49  Siege Tank  
  184  14:56  Marine x2  
  184  14:59  Starport Tech Lab  
  192  15:22  Liberator x2  
  192  15:24  Advanced Ballistics  
  198  16:02  Marine  
  198  16:03  Marine  
  185  17:04  Marine x6  
  158  17:22  Marine x6  
  164  17:34  Siege Tank  
  164  17:35  Siege Tank  
  170  17:39  Marine  
  170  17:40  Marine x5  
  176  17:57  Marine  
  176  17:58  Marine x5  
  181  18:02  Liberator x2  
  182  18:07  Siege Tank x2  
  183  18:15  Marine  
  183  18:16  Marine x5  
  195  18:33  Marine x5  
  171  19:42  Marine x6  
Tags
 
Composition
Mech
League
GoldGold
Matchup
TvT
Race
Terran
Replay Pack
sc2 replays
Spawn Locations
Close Positions
Add a new tag
Caveats
  • Supply blocks, unpowered buildings, or Contaminate may cause inaccurate times.
  • Supply counts are checked every 10 seconds.